 Dungeon Crawl Stone Soup version 0.31.0-11-ge490571c62 (webtiles) character file.

Game seed: 9052020526305737889

17607 ezpacito the Cleaver (level 12, -15/139 HPs)
             Began as a Demonspawn Berserker on Feb 1, 2024.
             Was a High Priest of Trog.
             Demolished by Rupert
             ... wielding a +2 battleaxe of electrocution
              (22 damage)
             ... on level 12 of the Dungeon.
             The game lasted 00:22:21 (11313 turns).

ezpacito the Cleaver (Demonspawn Berserker)        Turns: 11313, Time: 00:22:21

Health: -15/139    AC: 32    Str: 22    XL:     12   Next: 20%
Magic:  0/12       EV:  8    Int:  7    God:    Trog [*****.]
Gold:   840        SH:  4    Dex: 14    Spells: 11/11 levels left

rFire   + . .        u - +1 war axe (protect)
rCold   . . .        (no shield)
rNeg    . . .        O - +5 plate armour {rPois}
rPois   +            (no helmet)
rElec   .            F - +0 cloak
rCorr   +            (no gloves)
SInv    .            (no boots)
Will    .....        f - amulet of guardian spirit Stlth
                     A - ring of protection from fire
HPRegen 0.43/turn    C - ring of resist corrosion
MPRegen 0.13/turn

%: guardian spirit
@: berserking (expiring), under a protective aura, studying Unarmed Combat, very
quick
A: foul stench 1, icemail 1, sharp scales 2, condensation shield, demonic touch
2
a: Renounce Religion, Berserk, Trog's Hand, Brothers in Arms


You were on level 12 of the Dungeon.
You worshipped Trog.
Trog was extremely pleased with you.
You visited 2 branches of the dungeon, and saw 13 of its levels.
You also visited: Bailey.

You collected 1083 gold pieces.
You spent 243 gold pieces at shops.

Inventory:

Hand Weapons
 u - a +1 war axe of protection (weapon)
 P - a +4 sling of draining
Missiles
 a - 8 curare-tipped darts
 p - 5 silver javelins (quivered)
 q - 108 stones
 w - 8 boomerangs
 x - 6 datura-tipped darts
 H - 11 poisoned darts
Armour
 E - a scarf of shadows
 F - a +0 cloak (worn)
 O - a +5 plate armour of poison resistance (worn)
 Q - a +3 buckler of reflection
Jewellery
 f - an amulet of guardian spirit (around neck)
 y - a +4 ring of protection
 A - a ring of protection from fire (left hand)
 C - a ring of resist corrosion (right hand)
 G - a +5 ring of evasion
 R - a ring of positive energy
Wands
 D - a wand of polymorph (14)
 M - a wand of acid (5)
Scrolls
 c - a scroll of brand weapon
 d - 3 scrolls of immolation
 e - 4 scrolls of fear
 g - a scroll of butterflies
 h - 10 scrolls of teleportation
 o - a scroll of revelation
 I - a scroll of torment {unknown}
 J - 2 scrolls of vulnerability
 K - 4 scrolls of poison
Potions
 b - 3 potions of lignification
 i - a potion of haste
 k - a potion of resistance {unknown}
 l - 3 potions of magic {unknown}
 m - 3 potions of heal wounds
 n - 4 potions of might {unknown}
 r - 2 potions of berserk rage
 s - 2 potions of invisibility {unknown}
 t - 4 potions of curing {unknown}
 v - a potion of attraction {unknown}
 z - 4 potions of mutation {unknown}
 B - a potion of cancellation {unknown}
Miscellaneous
 S - a phantom mirror


   Skills:
 * Level 8.2 Fighting
 * Level 11.5 Axes
 - Level 4.6 Throwing
 * Level 6.3 Armour
 + Level 4.9 Dodging
 * Level 5.9 Stealth
 + Level 2.4 Shields
 * Level 6.7 Unarmed Combat
 * Level 4.7 Evocations


You had 11 spell levels left.
You didn't know any spells.
Your spell library contained the following spells:

 Spells                   Type           Power      Damage    Failure   Level
 Necrotise                Necr           0%         1d4       100%        1
 Stone Arrow              Conj/Erth      0%         3d7       100%        3
 Vampiric Draining        Necr           0%         2d6       100%        3
 Animate Armour           Summ/Erth      0%         N/A       100%        4
 Martyr's Knell           Necr/Summ      0%         N/A       100%        4
 Curse of Agony           Necr           0%         N/A       100%        5
 Lehudib's Crystal Spear  Conj/Erth      0%         10d2      100%        8


Dungeon Overview and Level Annotations

Branches:
Dungeon (12/15)            Temple (1/1) D:5            Lair (0/5) D:11
    Orc (0/2) D:9          Bailey (visited)

Altars:
Ashenzari
Cheibriados
Dithmenos
Fedhas
Gozag
Hepliaklqana
Kikubaaqudgha
Makhleb
Nemelex Xobeh
Okawaru
Qazlal
Ru
Sif Muna
Trog
Uskayaw
Vehumet
Wu Jian
Xom
Yredelemnul

Shops:
D:3 =   D:6 ??

Annotations:
D:11 2 runed translucent doors, puppykicker's ghost, journeyman MiBe
D:12 Rupert


Innate Abilities, Weirdness & Mutations

You may rarely emit foul miasma when damaged in melee.
A meltable icy envelope protects you from harm. (AC +4)
You are mostly covered in razor-sharp scales. (AC +2, Slay +2)
A meltable shield of frost defends you. (SH +4)
Your touch may inflict irresistible damage on your foes.


Message History

You closely miss Rupert.
Rupert is lightly wounded.
Rupert hits you with a +2 battleaxe of electrocution!!
You slice Rupert!!
Rupert is lightly wounded.
Rupert closely misses you.
You hit Rupert.
Rupert is lightly wounded.
Rupert closely misses you.
You hit Rupert.
You touch Rupert!
Rupert is moderately wounded.
Rupert hits you but does no damage.
You closely miss Rupert.
Rupert is moderately wounded.
Rupert hits you with a +2 battleaxe of electrocution!
You closely miss Rupert. Your touch misses Rupert.
Rupert is moderately wounded.
Rupert hits you with a +2 battleaxe of electrocution!!
You are electrocuted!
You hit Rupert.
You touch Rupert!
Rupert is moderately wounded.
Rupert hits you with a +2 battleaxe of electrocution!
You slash Rupert!
Rupert is heavily wounded.
Rupert closely misses you.
You slice Rupert!!
You touch Rupert!
You punch Rupert!
Rupert is severely wounded.
You slash Rupert!
You touch Rupert.
Rupert is severely wounded.
Rupert hits you with a +2 battleaxe of electrocution!!
* * * LOW HITPOINT WARNING * * *
You slash Rupert! Your touch misses Rupert.
Rupert is almost dead.
Rupert hits you with a +2 battleaxe of electrocution!!
* * * LOW HITPOINT WARNING * * *
You slash Rupert! Your touch misses Rupert. You punch Rupert!!
Rupert is almost dead.
Rupert hits you with a +2 battleaxe of electrocution!!
You die...
Rupert roars with triumph.

#.#
#.....####.#.
#.#
#.....####.##
###.#
####.......##
#...#
#######...
#.### ####
####.### #
#......# #
#.##.#.# # #
#.#@# #
#..@....... .
###.##.#### #
#.# # ..# ###


You could see Rupert (berserk).

Vanquished Creatures
  Snorg (D:11)
  3 two-headed ogres
  Lodul (D:10)
  A deep elf pyromancer (D:11)
  Joseph (D:7)
  A gargoyle (Bailey)
  2 slime creatures (D:12)
  An unseen horror (D:11)
  A troll (D:11)
  2 vampires
  2 shadows (D:11)
  2 wraiths
  31 yaks
  A wyvern (D:10)
  3 vampire mosquitoes (D:6)
  3 steam dragons
  Menkaure (D:4)
  2 acid dragons (D:11)
  2 water moccasins
  A hornet zombie (D:6)
  A swamp drake (D:9)
  4 orc warriors
  3 sky beasts
  A black bear (D:5)
  5 boggarts (D:11)
  10 ogres
  4 centaurs
  A phantom (D:4)
  2 kobold brigands
  2 bullfrogs
  2 scorpions (D:9)
  8 wights
  5 killer bees (D:9)
  8 vampire bats (Bailey)
  3 centaur zombies (D:6)
  11 wolf zombies (Bailey)
  3 bombardier beetles
  3 bullfrog zombies (D:6)
  2 jellies
  9 orc priests
  Crazy Yiuf (D:5)
  4 hounds
  4 iguanas
  2 sleepcaps
  Natasha (thrice) (D:3)
  10 orc wizards
  2 gnolls (D:4)
  14 adders
  A shadow imp (D:7)
  2 white imps
  2 ufetubi (D:7)
  5 dart slugs
  3 ribbon worms (D:2)
  36 orcs
  18 ball pythons
  10 endoplasms
  A giant cockroach (D:3)
  12 goblins
  14 hobgoblins
  2 jackals (D:1)
  11 kobolds
  4 quokkas
  9 bats
  2 frilled lizards
  21 orc zombies (Bailey)
  5 rats
347 creatures vanquished.

Vanquished Creatures (others)
  A sky beast (D:8)
1 creature vanquished.

Grand Total: 348 creatures vanquished

Notes
Turn   | Place    | Note
-------+----------+-------------------------------------------
     0 | D:1      | ezpacito the Demonspawn Berserker began the quest for the
                  | Orb.
     0 | D:1      | Reached XP level 1. HP: 18/18 MP: 1/1
   189 | D:1      | Gained mutation: Your touch may inflict minor irresistible
                  | damage on your foes. [demonic ancestry]
   189 | D:1      | Reached XP level 2. HP: 24/24 MP: 2/2
   457 | D:1      | Reached skill level 3 in Axes
   593 | D:1      | Reached ** piety under Trog
   604 | D:1      | Gained mutation: A meltable shield of frost defends you.
                  | (SH +4) [demonic ancestry]
   604 | D:1      | Reached XP level 3. HP: 28/29 MP: 1/3
  1144 | D:2      | Reached skill level 1 in Stealth
  1370 | D:2      | Reached XP level 4. HP: 35/35 MP: 4/4
  2240 | D:3      | Reached XP level 5. HP: 32/41 MP: 3/5
  2317 | D:3      | Found a burning altar of Makhleb.
  2322 | D:3      | Found a radiant altar of Vehumet.
  2328 | D:3      | Found an opulent altar of Gozag.
  2350 | D:3      | Found Omutanwi's Jewellery Shop.
  2376 | D:3      | Reached *** piety under Trog
  2481 | D:3      | Noticed Natasha
  2489 | D:3      | Killed Natasha
  2490 | D:3      | Reached skill level 1 in Unarmed Combat
  2681 | D:3      | Noticed Natasha
  2689 | D:3      | Killed Natasha
  2690 | D:3      | Reached skill level 1 in Throwing
  2734 | D:3      | Noticed Natasha
  2741 | D:3      | Killed Natasha
  3103 | D:4      | Noticed a phantom
  3107 | D:4      | Killed a phantom
  3108 | D:4      | Reached XP level 6. HP: 48/48 MP: 6/6
  3159 | D:4      | Reached skill level 4 in Axes
  3372 | D:4      | Noticed Menkaure
  3379 | D:4      | Killed Menkaure
  3380 | D:4      | Gained mutation: A meltable icy envelope protects you from
                  | harm. (AC +4) [demonic ancestry]
  3380 | D:4      | Reached XP level 7. HP: 54/54 MP: 5/7
  3650 | D:4      | Found an iron altar of Okawaru.
  3715 | D:5      | Entered Level 5 of the Dungeon
  3769 | D:5      | Found a staircase to the Ecumenical Temple.
  3860 | Temple   | Entered the Ecumenical Temple
  3865 | D:5      | Noticed a +0 falchion
  3867 | D:5      | Noticed a +0 short sword
  3867 | D:5      | Noticed a +0 short sword
  3867 | D:5      | Noticed a +0 falchion
  3867 | D:5      | Noticed a +0 dagger
  3867 | D:5      | Noticed a +0 dagger
  3868 | D:5      | Noticed a +0 spear
  3869 | D:5      | Noticed a +0 spear
  3925 | D:5      | Found a snail-covered altar of Cheibriados.
  4140 | D:5      | Reached skill level 5 in Axes
  4287 | D:5      | Reached XP level 8. HP: 59/61 MP: 6/8
  4382 | D:5      | Found a hide-covered altar of Uskayaw.
  4547 | D:5      | Found a runed translucent door.
  4548 | D:5      | Noticed Crazy Yiuf
  4556 | D:5      | Killed Crazy Yiuf
  4819 | D:6      | Reached skill level 6 in Axes
  4881 | D:6      | Found a basalt altar of Yredelemnul.
  4890 | D:6      | Reached **** piety under Trog
  4896 | D:6      | Reached skill level 5 in Fighting
  4941 | D:6      | Reached skill level 1 in Shields
  4947 | D:6      | Gained mutation: You may rarely emit foul miasma when
                  | damaged in melee. [demonic ancestry]
  4947 | D:6      | Reached XP level 9. HP: 24/68 MP: 3/9
  5202 | D:6      | Found Befoif's Magic Scroll Shop.
  5203 | D:6      | Found Isulaof's Magic Scroll Shoppe.
  5211 | D:6      | Bought a scroll of vulnerability for 60 gold pieces
  5211 | D:6      | Bought a scroll of poison for 60 gold pieces
  5211 | D:6      | Bought a scroll of noise for 15 gold pieces
  5211 | D:6      | Bought a scroll of fear for 60 gold pieces
  5218 | D:6      | Bought a scroll of identify for 24 gold pieces
  5218 | D:6      | Bought a scroll of identify for 24 gold pieces
  5603 | D:7      | Reached skill level 7 in Axes
  5623 | D:7      | Noticed Joseph
  5638 | D:7      | Killed Joseph
  5639 | D:7      | Reached skill level 1 in Evocations
  5962 | D:7      | Found a flagged portal.
  5977 | Bailey   | Entered a bailey
  6088 | Bailey   | Noticed a gargoyle
  6099 | Bailey   | Killed a gargoyle
  6295 | Bailey   | Reached skill level 8 in Axes
  6317 | Bailey   | Reached ***** piety under Trog
  6383 | Bailey   | Gained mutation: You are partially covered in razor-sharp
                  | scales. (AC +1, Slay +1) [demonic ancestry]
  6383 | Bailey   | Reached XP level 10. HP: 76/76 MP: 7/10
  7080 | D:8      | Noticed a two-headed ogre
  7091 | D:8      | Killed a two-headed ogre
  7364 | D:8      | Identified a scroll of acquirement
  7381 | D:8      | Acquired a manual of Unarmed Combat
  7411 | D:8      | Reached skill level 9 in Axes
  7422 | D:8      | Reached skill level 5 in Armour
  7920 | D:9      | Reached skill level 5 in Stealth
  8191 | D:9      | Found a staircase to the Orcish Mines.
  8204 | D:9      | Gained mutation: You are mostly covered in razor-sharp
                  | scales. (AC +2, Slay +2) [demonic ancestry]
  8204 | D:9      | Reached XP level 11. HP: 83/83 MP: 11/11
  8426 | D:9      | Found a bloodstained altar of Trog.
  8550 | D:9      | Received a gift from Trog
  8691 | D:9      | Found a sacrificial altar of Ru.
  8695 | D:9      | Noticed a two-headed ogre
  8707 | D:9      | Killed a two-headed ogre
  8708 | D:9      | Reached skill level 10 in Axes
  8708 | D:9      | Reached skill level 5 in Unarmed Combat
  8959 | D:10     | Entered Level 10 of the Dungeon
  8979 | D:10     | Noticed a two-headed ogre
  9027 | D:10     | Killed a two-headed ogre
  9125 | D:10     | Noticed Lodul
  9142 | D:10     | Killed Lodul
  9450 | D:10     | Reached skill level 11 in Axes
 10025 | D:11     | Noticed Snorg
 10038 | D:11     | Killed Snorg
 10039 | D:11     | Gained mutation: Your touch may inflict irresistible damage
                  | on your foes. [demonic ancestry]
 10039 | D:11     | Reached XP level 12. HP: 56/92 MP: 5/12
 10039 | D:11     | Noticed a two-headed ogre
 10061 | D:11     | Noticed a two-headed ogre
 10068 | D:11     | Noticed a boulder beetle
 10590 | D:11     | Found a staircase to the Lair.
 11021 | D:11     | Found a large runed translucent door.
 11021 | D:11     | Found a large runed translucent door.
 11031 | D:11     | Noticed puppykicker's ghost (journeyman MiBe)
 11297 | D:12     | Noticed Rupert
 11312 | D:12     | HP: 6/139 [Rupert/+2 battleaxe of electrocution (28)]
 11313 | D:12     | Demolished by Rupert

Illustrated notes

Levels and vault maps discovered:
D:1:      lightli_molten_gateway, layout_loops_ring
D:2:      layout_rooms, minmay_snake_closets
D:3:      layout_basic, grunt_temple_overflow_cloverleaf, serial_shops,
          nicolae_shop_tiny_statue_garden, uniq_natasha
D:4:      layout_basic, okawaru_altar_gauntlet_db, uniq_menkaure
D:5:      black_bear_nest_1, layout_cave_pools, kennysheep_slug_shrine,
          nicolae_uskayaw_en_pointe, minmay_temple_entry_grid,
          uniq_crazy_yiuf_cottage
D:6:      layout_loops_ring, nicolae_yredelemnul_corpse_copse, serial_shops,
          shop, nicolae_shop_window_shopping
D:7:      layout_gridville, enter_bailey_3, uniq_joseph
D:8:      layout_basic, hangedman_misty_isle
D:9:      layout_gridville, mainiacjoe_overflow_catwalk, trog_butcher_becter,
          erik_orc_1, hangedman_decor_push, minmay_tree_intersection,
          uniq_erolcha
D:10:     layout_loops_ring, grunt_ministairs_12, uniq_lodul
D:11:     layout_basic, lair_entry_dummy, ebering_ghost_disaster_area,
          billiards_dpeg, uniq_snorg
D:12:     layout_loops_cross, nzn_wu_jian_council_hall, uniq_rupert
Temple:   nicolae_temple_x_marks_the_god

Skill      XL: |  1  2  3  4  5  6  7  8  9 10 11 |
---------------+----------------------------------+-----
Dodging        | 2 3 4 |  4.9
Axes           | 3 4 5 6 8 9 11 | 11.5
Armour         | 2 3 4 5 6 |  6.3
Stealth        | 1 2 3 4 5 |  5.9
Unarmed Combat | 1 2 3 4 6 |  6.7
Throwing       | 1 2 3 4 |  4.6
Fighting       | 4 5 6 8 |  8.2
Shields        | 1 2 |  2.4
Evocations     | 1 3 4 |  4.7

Action                     |  1- 3 |  4- 6 |  7- 9 | 10-12 || total
---------------------------+-------+-------+-------+-------++-------
  Melee: Hand axe          |   103 |    73 |       |       ||   176
         Touch             |    11 |    22 |    47 |    75 ||   155
         Punch             |     1 |     1 |     9 |    24 ||    35
         War axe           |       |    44 |   317 |   523 ||   884
         Unarmed           |       |       |     1 |       ||     1
 Invoke: Berserk           |     2 |     2 |     9 |    13 ||    26
  Evoke: Wand              |       |       |     4 |     1 ||     5
    Use: Scroll            |       |     5 |     5 |    13 ||    23
         Potion            |       |       |     1 |     8 ||     9
   Stab: Sleeping          |     2 |     6 |       |       ||     8
 Armour: Animal skin       |    41 |    17 |       |       ||    58
         Scale mail        |       |    48 |    85 |       ||   133
         Leather armour    |       |     1 |       |       ||     1
         Chain mail        |       |       |   138 |       ||   138
         Plate armour      |       |       |    97 |   598 ||   695
  Dodge: Dodged            |    65 |    62 |   187 |   209 ||   523
  Block: Other             |    13 |    23 |    37 |    58 ||   131
         Buckler           |       |       |    90 |    84 ||   174
         Reflection        |       |       |     2 |       ||     2
